 Dungeon Crawl Stone Soup version 0.23.1 (webtiles) character file.

Game seed: 7291994390506995398

3861 Fang the Fighter (level 10, -5/65 HPs)
             Began as a Gargoyle Berserker on Mar 15, 2019.
             Was an Elder of Trog.
             Slain by a sun demon (13 damage)
             ... summoned by an obsidian statue
             ... on level 8 of the Dungeon.
             The game lasted 00:10:08 (6920 turns).

Fang the Fighter (Gargoyle Berserker)               Turns: 6920, Time: 00:10:09

Health: -5/65      AC: 25    Str: 26    XL:     10   Next: 18%
Magic:  10/10      EV: 10    Int:  8    God:    Trog [****..]
Gold:   265        SH:  0    Dex: 11    Spells: 9/9 levels left

rFire    . . .     SeeInvis .   d - +0 war axe
rCold    . . .     Gourm    .   (no shield)
rNeg     + . .     Faith    .   e - +0 plate armour
rPois    ∞         Spirit   .   (no helmet)
rElec    +         Reflect  .   s - +0 cloak {MR+}
rCorr    .         Harm     .   (no gloves)
MR       +....                  f - +2 pair of boots
Stlth    ..........             (no amulet)
HPRegen  0.20/turn              (no ring)
MPRegen  0.12/turn              (no ring)

@: no status effects
A: thin skeletal structure 1, negative energy resistance 1, electricity
resistance, strong 1, unbreathing, petrification resistance, rot immunity, AC +7
a: Berserk, Trog's Hand, Brothers in Arms, Renounce Religion


You were on level 8 of the Dungeon.
You worshipped Trog.
Trog was greatly pleased with you.
You were not hungry.

You visited 2 branches of the dungeon, and saw 9 of its levels.
You also visited: Sewer.

You collected 265 gold pieces.

Inventory:

Hand Weapons
 d - a +0 war axe (weapon)
 A - a +4 hand axe
Armour
 e - a +0 plate armour (worn)
 f - a +2 pair of boots (worn)
 s - a +0 cloak of magic resistance (worn)
Wands
 w - a wand of paralysis (12)
Scrolls
 b - 2 scrolls of remove curse
 g - a scroll of fear
 j - 4 scrolls of teleportation
 y - a scroll of blinking
Potions
 a - a potion of agility
 h - a potion of flight {unknown}
 l - 5 potions of heal wounds {unknown}
 m - 2 potions of haste
 o - a potion of magic
 p - a potion of might
 q - 2 potions of cancellation
 r - a potion of brilliance
 v - 3 potions of curing
Comestibles
 c - 16 rations
 i - 2 chunks of flesh


   Skills:
 + Level 8.5 Fighting
 + Level 7.1 Axes
 + Level 8.2 Armour
 + Level 6.2 Dodging


You had 9 spell levels left.
You didn't know any spells.
Your spell library was empty.

Dungeon Overview and Level Annotations

Branches:
Dungeon (8/15)             Temple (1/1) D:4
   Lair: D:8-11

Altars:
Dithmenos
Elyvilon
Gozag
Hepliaklqana
Kikubaaqudgha
Makhleb
Qazlal
Sif Muna
Uskayaw
Wu Jian
Yredelemnul
The Shining One

Annotations:
D:8 exclusion: obsidian statue, Gastronok


Innate Abilities, Weirdness & Mutations

You are resistant to torment.
Your stone body is resilient. (AC +7)
You are immune to poison.
You resist negative energy. (rN+)
You are resistant to electric shocks. (rElec)
You can survive without breathing.
You are immune to petrification.
You are immune to rotting.
You have a somewhat thin skeletal structure. (Dex +2, Stealth)
Your muscles are strong. (Str +2)


Message History

Trog accepts your kill.
You closely miss the sun demon. The sun demon hits you.
You are engulfed in flames!
You closely miss the sun demon. You slash the jackal!
You kill the jackal!
Trog accepts your kill.
The sun demon hits you but does no damage.
You closely miss the sun demon. The sun demon hits you.
You are engulfed in flames!
The sun demon hits you.
You are engulfed in flames!
* * * LOW HITPOINT WARNING * * *
You are too injured to fight recklessly!
You feel better.
The sun demon hits you but does no damage.
Your ogre goes berserk!
You feel quite a bit more hungry. Trog will no longer gift you weapons.
The sun demon barely misses you. The sun demon hits you!
* * * LOW HITPOINT WARNING * * *
You are engulfed in flames!
You die...

$ .. .# 8..
#####+###.# .w$.
#.........# .....
#.......#.#
#.....######O......#.#
#.....w.a3@..........
.......#†####......##.
.##..###.# #....(.#
$... ..# #))....# ...
##.# #......# .# #.#
#......### #. .. ..#
#........( . ..####
##........ #.#.#
#####........


You could see Gastronok, a sun demon, a worker ant and a friendly ogre
(berserk).

Vanquished Creatures
  Pikel (D:4)
  The ghost of Yackwabbit the Cudgeler, an amateur MiFi (D:4)
  Prince Ribbit (D:6)
  A hungry ghost (D:7)
  Menkaure (D:7)
  3 sky beasts
  2 ice beasts
  4 ogres
  A phantom (D:7)
  3 centaurs
  A crocodile (D:7)
  7 big kobolds
  A bullfrog (D:7)
  A killer bee (D:7)
  4 wights (D:7)
  2 crimson imps
  3 hounds
  A bullfrog zombie (D:7)
  Crazy Yiuf (D:3)
  3 orc priests
  A centaur skeleton (D:6)
  Ijyb (D:3)
  2 orc wizards
  4 worker ants
  A hound skeleton (D:5)
  A howler monkey zombie (D:6)
  14 adders
  A river rat (Sewer)
  A hound simulacrum (D:4)
  A shadow imp (D:6)
  4 oozes (Sewer)
  2 adder zombies
  6 worms
  2 adder simulacra (D:4)
  3 leopard geckos (D:6)
  12 orcs
  9 bats
  8 giant cockroaches
  10 goblins
  5 hobgoblins
  16 jackals
  13 kobolds
  4 quokkas
  7 ball pythons
  4 frilled lizards
  A giant cockroach simulacrum (D:4)
  15 rats
190 creatures vanquished.

Vanquished Creatures (others)
  An orc wizard (D:4)
  2 dart slugs (D:4)
  3 orcs (D:4)
  4 jackals (D:4)
  A quokka (D:4)
11 creatures vanquished.

Grand Total: 201 creatures vanquished

Notes
Turn   | Place    | Note
-------+----------+-------------------------------------------
     0 | D:1      | Fang the Gargoyle Berserker began the quest for the Orb.
     0 | D:1      | Reached XP level 1. HP: 14/14 MP: 1/1
   311 | D:1      | Reached XP level 2. HP: 19/19 MP: 2/2
   881 | D:1      | Reached XP level 3. HP: 20/23 MP: 3/3
  1360 | D:2      | Reached ** piety under Trog
  1465 | D:2      | Found an opulent altar of Gozag.
  1501 | D:2      | Found a glowing golden altar of the Shining One.
  1503 | D:2      | Noticed an angel
  1517 | D:2      | Found a basalt altar of Yredelemnul.
  1580 | D:2      | Reached XP level 4. HP: 29/29 MP: 4/4
  1921 | D:3      | Found a hazy altar of Hepliaklqana.
  1939 | D:3      | Noticed Ijyb
  1949 | D:3      | Paralysed by Ijyb for 7 turns
  1978 | D:3      | Killed Ijyb
  1978 | D:3      | Reached XP level 5. HP: 32/33 MP: 5/5
  2158 | D:3      | Found a runed translucent door.
  2159 | D:3      | Noticed Crazy Yiuf
  2263 | D:3      | Noticed a centaur
  2273 | D:3      | Killed a centaur
  2273 | D:3      | Reached XP level 6. HP: 39/39 MP: 6/6
  2604 | D:3      | Found a deep blue altar of Sif Muna.
  2678 | D:3      | Killed Crazy Yiuf
  2834 | D:4      | Reached *** piety under Trog
  2921 | D:4      | Noticed a slave
  2922 | D:4      | Noticed Pikel
  2922 | D:4      | Noticed a slave
  2923 | D:4      | Noticed a slave
  2924 | D:4      | Noticed a slave
  2939 | D:4      | Killed Pikel
  2939 | D:4      | Reached skill level 5 in Fighting
  2939 | D:4      | Reached skill level 5 in Armour
  2939 | D:4      | Reached XP level 7. HP: 44/44 MP: 7/7
  3063 | D:4      | Noticed Yackwabbit's ghost (amateur MiFi)
  3087 | D:4      | Found a runed translucent gate.
  3087 | D:4      | Found a runed translucent gate.
  3087 | D:4      | Found a runed translucent gate.
  3283 | D:4      | Found a staircase to the Ecumenical Temple.
  3393 | Temple   | Entered the Ecumenical Temple
  3637 | D:4      | Reached XP level 8. HP: 51/51 MP: 8/8
  3657 | D:4      | Killed Yackwabbit's ghost
  3657 | D:4      | Reached skill level 5 in Axes
  3989 | D:5      | Entered Level 5 of the Dungeon
  3989 | D:5      | Found a glowing golden altar of the Shining One.
  4181 | D:5      | Found a shadowy altar of Dithmenos.
  4268 | D:5      | Found an ornate altar of the Wu Jian Council.
  4883 | D:6      | Found a glowing drain.
  4930 | Sewer    | Entered a sewer
  5120 | Sewer    | Reached XP level 9. HP: 56/56 MP: 9/9
  5270 | Sewer    | Reached skill level 5 in Dodging
  5323 | Sewer    | Reached **** piety under Trog
  5811 | D:6      | Noticed Prince Ribbit
  5835 | D:6      | Killed Prince Ribbit
  6032 | D:7      | Found a hide-covered altar of Uskayaw.
  6058 | D:7      | Paralysed by fainting for 7 turns
  6358 | D:7      | Reached XP level 10. HP: 48/64 MP: 10/10
  6422 | D:7      | Reached ***** piety under Trog
  6569 | D:7      | Noticed Menkaure
  6585 | D:7      | Killed Menkaure
  6892 | D:8      | Gained mutation: You evolve. [potion of mutation]
  6892 | D:8      | Gained mutation: Your muscles are strong. (Str +2) [potion
                  | of mutation]
  6893 | D:8      | Lost mutation: You evolve. [potion of mutation]
  6893 | D:8      | Lost mutation: Your muscles are strong. (Str +2) [potion of
                  | mutation]
  6893 | D:8      | Gained mutation: You have a somewhat thin skeletal
                  | structure. (Dex +2, Stealth) [potion of mutation]
  6893 | D:8      | Gained mutation: Your muscles are strong. (Str +2) [potion
                  | of mutation]
  6905 | D:8      | Noticed Gastronok
  6906 | D:8      | Noticed an obsidian statue
  6907 | D:8      | Noticed a sun demon
  6920 | D:8      | Slain by a sun demon

Skill      XL: |  1  2  3  4  5  6  7  8  9 10 |
---------------+-------------------------------+-----
Axes           | 3 4 5 6 7 |  7.1
Dodging        | 2 3 4 5 6 |  6.2
Armour         | 3 5 6 7 8 |  8.2
Fighting       | 4 5 6 8 |  8.5

Action                   |  1- 3 |  4- 6 |  7- 9 | 10-12 || total
-------------------------+-------+-------+-------+-------++-------
Melee: Hand axe          |   123 |   140 |    64 |       ||   327
       War axe           |       |       |   471 |    95 ||   566
Invok: Berserk           |     1 |     4 |     3 |       ||     8
       Trog's Hand       |       |     1 |     1 |       ||     2
       Brothers in Arms  |       |       |       |     1 ||     1
  Use: Scroll            |     1 |       |    13 |     3 ||    17
       Potion            |       |       |       |     3 ||     3
 Stab: Sleeping          |     1 |       |       |       ||     1
  Eat: Chunk             |     3 |     8 |    14 |     2 ||    27
       Ration            |       |       |     4 |       ||     4
Armor: Animal skin       |    51 |       |       |       ||    51
       Plate armour      |     8 |   156 |   505 |    71 ||   740
Dodge: Dodged            |    92 |    78 |   264 |    42 ||   476
